 Dungeon Crawl Stone Soup version 0.25-a0-544-gee0576305d (console) character file.

Game seed: 11549793530045293629, levelgen mode: deterministic

125182 Kroet the Thaumaturge (level 16, -12/122 HPs)
             Began as a Gnoll Wanderer on Feb 18, 2020.
             Was the Champion of Ru.
             Mangled by a minotaur
             ... wielding a +1 battleaxe of freezing
              (20 damage)
             ... in a Gauntlet on Feb 20, 2020.
             The game lasted 04:59:11 (54584 turns).

Kroet the Thaumaturge (Gnoll Wanderer)             Turns: 54584, Time: 04:59:12

Health: -12/122    AC: 21    Str: 20    XL:     16   Next: 95%
Magic:  24/31      EV: 16    Int: 18    God:    Ru [******]
Gold:   798        SH: 12    Dex: 16    Spells: 6/37 levels left

rFire    + . .     SeeInvis .   P - +2 eveningstar (freeze)
rCold    . . .     Gourm    +   l - +0 kite shield
rNeg     . . .     Faith    .   t - +2 scale mail {rPois}
rPois    +         Spirit   .   N - +2 helmet
rElec    +         Reflect  .   F - +0 cloak "Agraiv" {-Tele +Inv rElec Str+3}
rCorr    .         Harm     .   m - +1 pair of gloves {archery}
MR       +....     NoTele   +   q - +2 pair of boots
Stlth    ..........             J - amulet of the gourmand
HPRegen  0.30/turn              G - ring of fire
MPRegen  0.22/turn              h - ring of protection from cold

@: no scrolls
A: distributed training, fangs 1, inability to read while threatened, no
stealth, no charms magic, no fire magic, no necromancy magic, unskilled 1,
inexperienced 1, strong nose
a: Draw Out Power, Power Leap, Apocalypse, Renounce Religion, Evoke Invisibility


You were in a Gauntlet.
You worshipped Ru.
Ru was exalted by your worship.
You were not hungry.

You visited 5 branches of the dungeon, and saw 27 of its levels.
You visited 1 bazaar.
You also visited: Ossuary and Gauntlet.

You collected 2513 gold pieces.
You spent 1715 gold pieces at shops.

Inventory:

Hand Weapons
 a - the +8 war axe "Zuanalah" {vamp, rElec rF- rN+}
   (You bought it in a shop on level 2 of the Orcish Mines)

   It inflicts no extra harm, but heals its wielder when it wounds a living foe.
   It makes you vulnerable to fire.
   It insulates you from electricity.
   It protects you from negative energy.
 b - a +0 hunting sling
 z - a +2 trident of venom
 B - a +2 war axe of flaming
 P - a +2 eveningstar of freezing (weapon)
Missiles
 o - 169 sling bullets
 r - 123 poisoned darts (quivered)
 w - 5 throwing nets
 x - 442 arrows
Armour
 k - a +0 cloak of magic resistance
 l - a +0 kite shield (worn)
 m - a +1 pair of gloves of archery (worn)
 q - a +2 pair of boots (worn)
 t - a +2 scale mail of poison resistance (worn)
 F - the +0 cloak "Agraiv" (worn) {-Tele +Inv rElec Str+3}
   (You found it in a Gauntlet)

   It affects your strength (+3).
   It insulates you from electricity.
   It lets you turn invisible.
   It prevents most forms of teleportation.
   If you remove this armour, your AC will decrease by 1 (21 -> 20).
 L - the +4 leather armour of the Dolphin {Str+4}
   (You found it on level 6 of the Dungeon)

   It affects your strength (+4).
   If you switch to wearing this armour, your AC will decrease by 2 (21 -> 19).
 N - a +2 helmet (worn)
Magical Staves
 Y - an uncursed staff of wizardry
Jewellery
 h - a ring of protection from cold (right hand)
 n - an uncursed ring of ice
 G - a ring of fire (left hand)
 J - an amulet of the gourmand (around neck)
 X - an uncursed ring of poison resistance
Wands
 p - a wand of digging (4)
 s - a wand of iceblast (2)
 C - a wand of paralysis (5)
 E - a wand of random effects (19)
 Z - a wand of polymorph (7)
Scrolls
 c - 7 scrolls of teleportation
 d - 3 scrolls of fog
 j - 10 scrolls of remove curse
 v - 2 scrolls of holy word
 y - a scroll of brand weapon {unknown}
 A - 6 scrolls of fear
 D - a scroll of blinking
Potions
 e - a potion of magic
 g - a potion of might
 i - 2 potions of curing
 u - 2 potions of mutation
 K - 3 potions of flight
 M - a potion of ambrosia
 Q - 2 potions of haste
 S - a potion of brilliance
 V - 2 potions of resistance
Comestibles
 f - 20 rations


   Skills:
 + Level 10.2 Fighting
 + Level 10.2 Short Blades
 + Level 10.2 Long Blades
 + Level 10.2 Axes
 + Level 10.2 Maces & Flails
 + Level 10.2 Polearms
 + Level 10.2 Staves
 + Level 10.2 Slings
 + Level 10.2 Bows
 + Level 10.2 Crossbows
 + Level 10.2 Throwing
 + Level 10.2 Armour
 + Level 10.2 Dodging
   Level 0.0 Stealth
 + Level 10.2 Shields
 + Level 10.2 Unarmed Combat
 + Level 11.1 Spellcasting
 + Level 8.6 Conjurations
 + Level 8.6 Hexes
   Level 0.0 Charms
 + Level 8.6 Summonings
   Level 0.0 Necromancy
 + Level 8.6 Translocations
 + Level 9.9 Transmutations
   Level 0.0 Fire Magic
 + Level 8.6 Ice Magic
 + Level 9.9 Air Magic
 + Level 8.6 Earth Magic
 + Level 8.6 Poison Magic
 + Level 11.0 Invocations
 + Level 10.2 Evocations


You had 6 spell levels left.
You knew the following spells:

 Your Spells              Type           Power        Failure   Level  Hunger
a - Magic Dart            Conj           ####         1%          1    None
b - Blink                 Tloc           N/A          1%          2    None
c - Mephitic Cloud        Conj/Pois/Air  #####...     2%          3    None
d - Confusing Touch       Hex            #####...     2%          3    None
e - Portal Projectile     Hex/Tloc       #####.       2%          3    None
f - Summon Lightning Spi  Summ/Air       #####...     7%          4    ##.....
g - Conjure Ball Lightni  Conj/Air       #####.....   71%         6    ######.
h - Apportation           Tloc           #####.       1%          1    None
i - Iskenderun's Mystic   Conj/Tloc      #####...     9%          4    ##.....
j - Fulminant Prism       Conj/Hex       #####.....   9%          4    ##.....

Your spell library contained the following spells:

 Spells                   Type           Power        Failure   Level  Hunger
 Corona                   Hex            #####..      1%          1    None
 Summon Small Mammal      Summ           ####         1%          1    None
 Call Imp                 Summ           #####...     1%          2    None
 Searing Ray              Conj           #####.       1%          2    None
 Slow                     Hex            #####...     1%          2    None
 Dazzling Flash           Conj/Hex       #####.       2%          3    None
 Gell's Gravitas          Tloc           #####.....   2%          3    None
 Petrify                  Tmut/Erth      #####...     7%          4    ##.....
 Cause Fear               Hex            #####.....   9%          4    ##.....
 Leda's Liquefaction      Hex/Erth       #####.....   9%          4    ##.....
 Silence                  Hex/Air        #####.....   19%         5    ####...
 Yara's Violent Unravell  Hex/Tmut       #####.....   19%         5    ####...
 Metabolic Englaciation   Hex/Ice        #####.....   26%         5    ####...
 Tornado                  Air            #####.....   100%        9    #######
 Corpse Rot               Necr/Air       Unusable     N/A         2    N/A
 Conjure Flame            Conj/Fire      Unusable     N/A         3    N/A
 Inner Flame              Hex/Fire       Unusable     N/A         3    N/A
 Animate Skeleton         Necr           Unusable     N/A         1    N/A
 Sublimation of Blood     Necr           Unusable     N/A         2    N/A
 Dispel Undead            Necr           Unusable     N/A         4    N/A
 Deflect Missiles         Chrm/Air       Unusable     N/A         6    N/A
 Agony                    Necr           Unusable     N/A         5    N/A
 Excruciating Wounds      Chrm/Necr      Unusable     N/A         5    N/A

Dungeon Overview and Level Annotations

Branches:
Dungeon (15/15)            Temple (1/1) D:5            Lair (6/6) D:8
  Swamp (0/4) Lair:3       Spider (3/4) Lair:4        Slime (0/5) Lair:6
    Orc (2/2) D:11            Elf (0/3) Orc:2        Vaults (0/5) D:13
 Depths (0/5) D:15        Ossuary (visited)         Gauntlet (1/1)

Altars:
Ashenzari
Cheibriados
Dithmenos
Elyvilon
Fedhas
Gozag
Hepliaklqana
Kikubaaqudgha
Makhleb
Nemelex Xobeh
Okawaru
Qazlal
Ru
Sif Muna
Trog
Uskayaw
Vehumet
Wu Jian
Xom
Yredelemnul
Zin
The Shining One
Beogh

Shops:
D:5 [!%   D:12 (   Orc:2 [(*%

Portals:
Trove: D:15 (give 15 scrolls of teleportation)

Annotations:
D:3 Natasha
D:9 exclusion: downstairs
D:10 exclusion: downstairs
Lair:3 3 runed translucent doors, exclusion: downstairs, epen's ghost, journeyman GnWn
Lair:4 2 transporters, RedPan's ghost, journeyman GnWn Gauntlet 6 transporters, 3 runed translucent doors


Innate Abilities, Weirdness & Mutations

Your experience applies equally to all skills.
You have very sharp teeth.
You cannot read scrolls while threatened.
You cannot be stealthy.
You cannot study or cast Charms magic.
You cannot study or cast Fire magic.
You cannot study or cast Necromancy magic.
You are somewhat unskilled. (-1 Apt)
You are somewhat inexperienced. (-2 XL)
Your uncanny sense of smell can sniff out nearby items.


Message History

Your lightning spire shoots out a bolt of lightning at the minotaur!
The bolt of electricity hits the minotaur.
The minotaur resists.
You hit the minotaur. You freeze the minotaur.
The minotaur is almost dead.
The minotaur misses you.
The minotaur hits your lightning spire with a +1 battleaxe of freezing!!
The minotaur freezes your lightning spire.
You block the minotaur's attack.
Your lightning spire shoots out a bolt of lightning at the minotaur!
The bolt of electricity hits the minotaur.
The minotaur completely resists.
You strike the helpless minotaur from behind!
You hit the minotaur.
You bite the minotaur, but do no damage.
The minotaur is almost dead.
The minotaur hits you with a +1 battleaxe of freezing!!!
* * * LOW HITPOINT WARNING * * *
The minotaur freezes you!!
You die...

##..#.##.###..#..#.#####.#..≈
#§..##©##.....#..#SS!©.%.#..#
##..###########..#########..≈
#≈..............∩.........§.#
##..........§...............≈
##≈#§#≈#§#≈########≈#≈#≈#≈##
###########.©..©.#########
######......#####
#..(............#
#...8@..........#
####H###.###.#### #.# #.# #
... ... .###.###. #. #H# .# #
H . . ## #' ##


You could see a minotaur and a friendly lightning spire.

Vanquished Creatures
  Saint Roka (Orc:2)
  Arachne (Spider:2)
  Frances (Spider:1)
  Agnes (D:13)
  Louise (D:14)
  A great orb of eyes (Gauntlet)
  2 vault guards (D:13)
  3 hydras
  Harold (Lair:2)
  A catoblepas (Lair:3)
  2 two-headed ogres
  A death knight (D:10)
  6 death yaks
  Urug (Lair:2)
  4 orc high priests
  A fire crab (Lair:5)
  6 skeletal warriors
  An unseen horror (D:12)
  3 wizards
  A swamp dragon (Lair:6)
  A lindwurm (Lair:6)
  9 wolf spider zombies (Spider:1)
  A necromancer (Spider:1)
  9 orb spiders
  2 deep elf magi
  5 orc sorcerers
  3 manticores
  4 orc knights
  9 wolf spiders
  5 ugly things
  3 cyclopes
  4 centaur zombies
  A guardian serpent (Lair:5)
  6 black mambas
  Joseph (D:9)
  14 spiny frogs
  4 torpor snails
  A gargoyle (D:10)
  2 yaktaurs
  A kobold demonologist (D:7)
  8 redback zombies (Spider:1)
  6 demonic crawlers
  An efreet (D:14)
  2 freezing wraiths
  6 komodo dragons
  A troll (shapeshifter) (D:13)
  3 rime drakes
  A tengu conjurer (D:13)
  19 jumping spiders
  2 polar bears (Lair:4)
  4 trolls
  3 slime creatures
  15 blink frogs
  A bog body (Lair:3)
  4 hornets
  6 hippogriffs
  11 tarantella zombies (Spider:1)
  A spriggan (D:12)
  14 tarantellas
  4 wyverns
  54 redbacks
  A vampire (D:13)
  A wraith (D:12)
  24 yaks
  16 humans
  2 steam dragons (Lair:6)
  Grum (D:8)
  A hungry ghost (D:12)
  4 vampire mosquitoes (D:14)
  6 basilisks
  3 wargs
  A soldier ant (D:14)
  2 acid dragons
  26 water moccasins
  5 porcupines
  2 swamp drakes (Lair:6)
  34 orc warriors
  6 sky beasts
  3 black bears
  7 ice beasts
  2 eyes of draining
  13 ogres
  2 phantoms
  5 centaurs
  17 wolves
  9 crocodiles
  4 big kobolds
  14 bullfrogs
  A water moccasin zombie (D:10)
  4 gnoll sergeants
  3 scorpions
  A wyvern skeleton (D:10)
  10 killer bees
  8 wights
  2 howler monkeys
  2 bullfrog zombies
  6 crimson imps
  3 jellies
  A quasit (D:11)
  2 gnoll shamans
  A centaur skeleton (D:4)
  17 hounds
  28 orc wizards
  2 bullfrog skeletons
  17 orc priests
  Natasha (D:3)
  9 iguanas
  13 worker ants
  6 big kobold zombies (Ossuary)
  A mummy (Ossuary)
  A worker ant zombie (D:6)
  27 gnolls
  17 adders
  An ooze (D:4)
  An adder skeleton (D:7)
  2 worms
  2 dart slugs
  9 leopard geckos
  99 orcs
  4 spectral bats (Ossuary)
  2 ball pythons
  5 giant cockroaches
  17 hobgoblins
  8 jackals
  17 kobolds
  4 quokkas
  9 bats
  A bat simulacrum (Ossuary)
  5 frilled lizards
  4 gnoll zombies (Ossuary)
  8 goblins
  4 goblin simulacra (Ossuary)
  5 goblin zombies (Ossuary)
  3 hobgoblin zombies (Ossuary)
  2 jackal skeletons
  4 kobold simulacra (Ossuary)
  6 kobold zombies (Ossuary)
  4 leopard gecko skeletons
  4 orc zombies (Ossuary)
  9 rats
  A rat simulacrum (Ossuary)
  A spectral goblin (Ossuary)
  2 spectral kobolds (Ossuary)
  3 spectral rats (Ossuary)
  2 fungi
  5 plants
937 creatures vanquished.

Vanquished Creatures (collateral kills)
  An emperor scorpion (Spider:2)
  5 entropy weavers
  Snorg (D:13)
  A fire dragon (Lair:6)
  A skeletal warrior (D:13)
  3 orb spiders
  9 wolf spiders
  A deep elf mage (D:13)
  A cyclops (D:14)
  A demonic crawler (Spider:2)
  An efreet (D:13)
  8 jumping spiders (Spider:1)
  13 redbacks
  A wyvern (D:13)
  7 tarantellas
  2 humans (D:13)
  An acid dragon (Lair:6)
  A water moccasin (Lair:6)
58 creatures vanquished.

Vanquished Creatures (others)
  A spark wasp (Spider:2)
  2 hydras
  A phantasmal warrior (D:11)
  An ugly thing (D:12)
  A wolf spider (Spider:2)
  A black mamba (Lair:3)
  2 spiny frogs
  A yaktaur (D:13)
  A redback zombie (D:15)
  A tengu conjurer (D:13)
  2 demonic crawlers
  A jumping spider (Spider:1)
  2 blink frogs (Lair:3)
  A tarantella zombie (Spider:1)
  A hippogriff (D:14)
  2 tarantellas (Spider:1)
  3 redbacks
  2 yaks
  A warg (Orc:1)
  A water moccasin (D:8)
  An orc warrior (Orc:1)
  A phantom (D:10)
  An ogre (D:11)
  A centaur (D:11)
  A crocodile (Lair:1)
  2 orc priests
  An orc wizard (Orc:1)
  A gnoll (Orc:2)
  An adder (D:9)
  An adder skeleton (D:9)
  3 orcs
  A jackal skeleton (D:7)
  A kobold (D:13)
  5 fulminant prisms
  11 fungi
  20 plants
80 creatures vanquished.

Grand Total: 1075 creatures vanquished

Notes
Turn   | Place    | Note
-------+----------+-------------------------------------------
     0 | D:1      | Kroet the Gnoll Wanderer began the quest for the Orb.
     0 | D:1      | Kroet set off with the following items: a +0 dagger, a
                  | potion of lignification, a scroll of teleportation, a +0
                  | robe, a ration; and the following spell memorised: Magic
                  | Dart; and the following spells available to memorise:
                  | Blink, Call Imp, Slow, Mephitic Cloud, Conjure Flame
     0 | D:1      | Reached XP level 1. HP: 13/13 MP: 6/6
   536 | D:1      | Reached XP level 2. HP: 16/19 MP: 7/7
  1362 | D:1      | Reached XP level 3. HP: 19/25 MP: 9/9
  1756 | D:1      | Reached skill level 5 in Spellcasting
  2138 | D:2      | Reached skill level 1 in Invocations
  2348 | D:2      | Reached skill level 1 in Fighting
  2348 | D:2      | Reached skill level 1 in Short Blades
  2348 | D:2      | Reached skill level 1 in Long Blades
  2348 | D:2      | Reached skill level 1 in Axes
  2348 | D:2      | Reached skill level 1 in Maces & Flails
  2348 | D:2      | Reached skill level 1 in Polearms
  2348 | D:2      | Reached skill level 1 in Staves
  2348 | D:2      | Reached skill level 1 in Slings
  2348 | D:2      | Reached skill level 1 in Bows
  2348 | D:2      | Reached skill level 1 in Crossbows
  2348 | D:2      | Reached skill level 1 in Throwing
  2348 | D:2      | Reached skill level 1 in Armour
  2348 | D:2      | Reached skill level 1 in Dodging
  2348 | D:2      | Reached skill level 1 in Shields
  2348 | D:2      | Reached skill level 1 in Unarmed Combat
  2348 | D:2      | Reached skill level 1 in Evocations
  2401 | D:2      | Reached XP level 4. HP: 32/32 MP: 11/11
  4045 | D:4      | Reached skill level 1 in Conjurations
  4045 | D:4      | Reached skill level 1 in Hexes
  4045 | D:4      | Reached skill level 1 in Charms
  4045 | D:4      | Reached skill level 1 in Summonings
  4045 | D:4      | Reached skill level 1 in Necromancy
  4045 | D:4      | Reached skill level 1 in Translocations
  4045 | D:4      | Reached skill level 1 in Fire Magic
  4045 | D:4      | Reached skill level 1 in Ice Magic
  4045 | D:4      | Reached skill level 1 in Earth Magic
  4045 | D:4      | Reached skill level 1 in Poison Magic
  4206 | D:3      | Noticed Natasha
  4661 | D:4      | Reached XP level 5. HP: 22/37 MP: 12/12
  4849 | D:4      | Noticed an ogre
  5150 | D:3      | Killed Natasha
  6099 | D:3      | Noticed Natasha
  6169 | D:3      | Reached XP level 6. HP: 35/44 MP: 13/13
  6443 | D:4      | Learned a level 2 spell: Blink
  6447 | D:4      | Learned a level 3 spell: Mephitic Cloud
  6451 | D:4      | Learned a level 3 spell: Conjure Flame
  6454 | D:4      | Learned a level 2 spell: Call Imp
  6788 | D:5      | Entered Level 5 of the Dungeon
  6788 | D:5      | Found a staircase to the Ecumenical Temple.
  6800 | D:5      | Reached XP level 7. HP: 50/50 MP: 15/15
  6841 | Temple   | Entered the Ecumenical Temple
  6921 | Temple   | Became a worshipper of Ru the Awakened
  7082 | D:5      | Found Ziuxevuc's Food Emporium.
  7137 | D:5      | Found Ufevvon's Weapon Emporium.
  7352 | D:5      | Found Juta's Armour Emporium.
  7496 | D:5      | Found Jouleb's Antique Armour Boutique.
  7603 | D:5      | Reached skill level 5 in Stealth
  7837 | D:5      | Found Rustreti's Distillery.
  7968 | D:5      | Reached XP level 8. HP: 29/57 MP: 14/16
  8310 | D:5      | Bought a potion of heal wounds for 60 gold pieces
  8310 | D:5      | Bought a potion of degeneration for 12 gold pieces
  8310 | D:5      | Bought a potion of flight for 36 gold pieces
  8310 | D:5      | Bought a potion of curing for 36 gold pieces
  8310 | D:5      | Bought a potion of curing for 36 gold pieces
  8310 | D:5      | Bought a potion of curing for 36 gold pieces
  8417 | D:6      | Got a brightly glowing leather armour
  8440 | D:5      | Identified the +4 leather armour of the Dolphin {Str+4}
                  | (You found it on level 6 of the Dungeon)
  9010 | D:6      | Gained mutation: You are somewhat unskilled. (-1 Apt) [Ru
                  | sacrifice]
  9010 | D:6      | Reduced skill Spellcasting to level 5
  9010 | D:6      | Reduced skill Transmutations to level 5
  9010 | D:6      | Reduced skill Air Magic to level 5
  9010 | D:6      | Reached * piety under Ru
  9010 | D:6      | Reached ** piety under Ru
  9745 | D:7      | Reached skill level 5 in Stealth
 10680 | D:7      | Reached XP level 9. HP: 46/64 MP: 17/17
 11369 | D:8      | Found a burning altar of Makhleb.
 11519 | D:8      | Found a white marble altar of Elyvilon.
 11549 | D:8      | Gained mutation: You cannot read scrolls while threatened.
                  | [Ru sacrifice]
 11549 | D:8      | Reached *** piety under Ru
 11678 | D:8      | Found a sand-covered staircase.
 11685 | Ossuary  | Entered an ossuary
 12311 | D:8      | Upgraded the game from 0.25-a0-521-gb5d5f98535 to
                  | 0.25-a0-528-g6b7c99946c
 12364 | D:8      | Found a glowing golden altar of the Shining One.
 12368 | D:8      | Found a stormy altar of Qazlal.
 12767 | D:8      | Found a staircase to the Lair.
 12893 | D:8      | Noticed a kobold demonologist
 13048 | D:8      | Gained mutation: You are somewhat inexperienced. (-2 XL)
                  | [Ru sacrifice]
 13048 | D:8      | Reached XP level 8. HP: 60/60 MP: 17/17
 13048 | D:8      | Reached XP level 7. HP: 54/54 MP: 16/16
 13048 | D:8      | Reached **** piety under Ru
 13048 | D:8      | Reached ***** piety under Ru
 13062 | D:8      | Noticed Grum
 13090 | D:8      | Reached XP level 8. HP: 60/60 MP: 17/17
 13159 | D:8      | Noticed a sun demon
 13160 | D:8      | Killed Grum
 13177 | D:7      | Killed a kobold demonologist
 13724 | D:9      | Noticed Joseph
 13752 | D:9      | Killed Joseph
 13752 | D:9      | Reached skill level 5 in Invocations
 13752 | D:9      | Reached XP level 9. HP: 45/66 MP: 14/18
 15202 | D:9      | Noticed a cyan ugly thing
 15223 | D:9      | Killed a cyan ugly thing
 15605 | D:9      | Reached XP level 10. HP: 73/73 MP: 20/20
 15612 | D:9      | Gained mutation: You cannot study or cast Fire magic. [Ru
                  | sacrifice]
 15612 | D:9      | Gained mutation: You cannot study or cast Necromancy magic.
                  | [Ru sacrifice]
 15612 | D:9      | Gained mutation: You cannot study or cast Charms magic. [Ru
                  | sacrifice]
 15775 | D:10     | Entered Level 10 of the Dungeon
 15779 | D:10     | Reached skill level 5 in Fighting
 15779 | D:10     | Reached skill level 5 in Short Blades
 15779 | D:10     | Reached skill level 5 in Long Blades
 15779 | D:10     | Reached skill level 5 in Axes
 15779 | D:10     | Reached skill level 5 in Maces & Flails
 15779 | D:10     | Reached skill level 5 in Polearms
 15779 | D:10     | Reached skill level 5 in Staves
 15779 | D:10     | Reached skill level 5 in Slings
 15779 | D:10     | Reached skill level 5 in Bows
 15779 | D:10     | Reached skill level 5 in Crossbows
 15779 | D:10     | Reached skill level 5 in Throwing
 15779 | D:10     | Reached skill level 5 in Armour
 15779 | D:10     | Reached skill level 5 in Dodging
 15779 | D:10     | Reached skill level 5 in Shields
 15779 | D:10     | Reached skill level 5 in Unarmed Combat
 15779 | D:10     | Reached skill level 5 in Evocations
 16122 | D:10     | Noticed a two-headed ogre
 16474 | D:9      | Killed a two-headed ogre
 17560 | D:10     | Reached XP level 11. HP: 76/80 MP: 21/21
 17949 | Lair:1   | Entered Level 1 of the Lair of Beasts
 18868 | Lair:1   | Gained mutation: You cannot be stealthy. [Ru sacrifice]
 18868 | Lair:1   | Reached ****** piety under Ru
 18883 | Lair:1   | Learned a level 3 spell: Confusing Touch
 19751 | Lair:1   | Reached skill level 5 in Conjurations
 19751 | Lair:1   | Reached skill level 5 in Hexes
 19751 | Lair:1   | Reached skill level 5 in Summonings
 19751 | Lair:1   | Reached skill level 5 in Translocations
 19751 | Lair:1   | Reached skill level 5 in Ice Magic
 19751 | Lair:1   | Reached skill level 5 in Earth Magic
 19751 | Lair:1   | Reached skill level 5 in Poison Magic
 20178 | Lair:2   | Noticed a seven-headed hydra
 20320 | Lair:2   | Noticed Harold
 20326 | Lair:2   | Noticed Urug
 20501 | D:10     | Learned a level 3 spell: Portal Projectile
 20550 | D:11     | Noticed a cyclops
 20576 | D:11     | Killed a cyclops
 20939 | D:11     | Noticed a cyclops
 21187 | D:11     | Noticed a manticore
 21266 | D:11     | Killed a manticore
 21353 | D:11     | Reached XP level 12. HP: 89/89 MP: 23/23
 21515 | D:11     | Noticed a two-headed ogre
 21784 | D:10     | Killed a two-headed ogre
 21819 | D:11     | Found a sacrificial altar of Ru.
 22218 | D:11     | Noticed a death knight
 22663 | D:10     | Killed a death knight
 23646 | Lair:2   | Killed Urug
 23649 | Lair:2   | Killed Harold
 23855 | Lair:2   | Killed a four-headed hydra
 24196 | Lair:3   | Found a runed translucent gate.
 24198 | Lair:3   | Found a runed translucent gate.
 24199 | Lair:3   | Found a runed translucent gate.
 24201 | Lair:3   | Noticed epen's ghost (journeyman GnWn)
 25242 | Lair:3   | Found a staircase to the Swamp.
 25754 | Lair:3   | Noticed a catoblepas
 25859 | Lair:3   | You fall into a shaft and drop 2 floors!
 26921 | Lair:3   | Killed a catoblepas
 27074 | Lair:4   | Noticed a death yak
 27074 | Lair:4   | Noticed a death yak
 27074 | Lair:4   | Noticed a death yak
 27074 | Lair:4   | Noticed a death yak
 27075 | Lair:4   | Noticed a death yak
 27076 | Lair:4   | Noticed a death yak
 27105 | Lair:4   | Killed a death yak
 27105 | Lair:4   | Reached XP level 13. HP: 80/96 MP: 25/25
 27578 | Lair:4   | Found a transporter.
 27628 | Lair:4   | Found a transporter.
 27634 | Lair:4   | Noticed RedPan's ghost (journeyman GnWn)
 28330 | Lair:4   | Found a hole to the Spider Nest.
 29780 | Lair:6   | Entered Level 6 of the Lair of Beasts
 31088 | D:11     | Found a staircase to the Orcish Mines.
 32393 | D:12     | Found Onapt's Weapon Boutique.
 32789 | D:12     | Reached XP level 14. HP: 105/105 MP: 27/27
 33139 | Orc:1    | Entered Level 1 of the Orcish Mines
 33211 | D:11     | Paralysed by an orc sorcerer for 7 turns
 33357 | Orc:1    | Paralysed by an orc sorcerer for 7 turns
 33864 | Orc:2    | Entered Level 2 of the Orcish Mines
 33995 | Orc:2    | Found a staircase to the Elven Halls.
 34396 | Orc:2    | Found a roughly hewn altar of Beogh.
 34453 | Orc:2    | Found Picra's Food Shoppe.
 35150 | Orc:2    | Found a roughly hewn altar of Beogh.
 35330 | Orc:2    | Found Hanywu's General Store.
 35344 | Orc:2    | Bought a scroll of identify for 24 gold pieces
 35676 | Orc:2    | Found a roughly hewn altar of Beogh.
 35928 | Orc:2    | Found a roughly hewn altar of Beogh.
 36631 | Orc:2    | Paralysed by an orc sorcerer for 6 turns
 36712 | Orc:2    | Noticed Saint Roka
 36824 | Orc:1    | Paralysed by an orc sorcerer for 2 turns
 38196 | Orc:2    | Killed Saint Roka
 38858 | Orc:2    | Found Faggack's Antique Weapon Boutique.
 38859 | Orc:2    | Found a roughly hewn altar of Beogh.
 38863 | Orc:2    | Found Kicruag's Antique Armour Shop.
 38881 | Orc:2    | Bought an embroidered cloak for 232 gold pieces
 38904 | Orc:2    | Bought a pair of runed gloves for 232 gold pieces
 38925 | Orc:2    | Bought a smoking war axe for 331 gold pieces
 38958 | Orc:2    | Identified the +8 war axe "Zuanalah" {vamp, rElec rF- rN+}
                  | (You bought it in a shop on level 2 of the Orcish Mines)
 39389 | D:13     | Found a flickering gateway to a bazaar.
 39411 | Bazaar   | Entered a bazaar
 39421 | Bazaar   | Found Ziolarpha's Armour Emporium.
 39444 | Bazaar   | Found Vorruate's Book Shop.
 39453 | Bazaar   | Found Poank's Weapon Boutique.
 39461 | Bazaar   | Found Debus's Gadget Shoppe.
 39503 | Bazaar   | Bought a book of the Sky for 520 gold pieces
 39503 | Bazaar   | Bought a book of Cantrips for 160 gold pieces
 39509 | Bazaar   | Learned a level 4 spell: Summon Lightning Spire
 39516 | Bazaar   | Learned a level 6 spell: Conjure Ball Lightning
 39518 | Bazaar   | Learned a level 1 spell: Apportation
 39563 | D:13     | Found an iron altar of Okawaru.
 40053 | D:13     | Noticed Snorg
 40104 | D:13     | Killed Snorg
 40963 | D:13     | Reached XP level 15. HP: 112/112 MP: 28/28
 40982 | D:13     | Found a gate to the Vaults.
 41487 | D:14     | Noticed Louise
 41488 | D:14     | Reached skill level 10 in Spellcasting
 41492 | D:14     | Killed Louise
 42239 | D:14     | Noticed Agnes
 42287 | D:13     | Killed Agnes
 44038 | Lair:6   | Reached skill level 10 in Invocations
 44587 | Lair:6   | Found a staircase to the Slime Pits.
 45957 | Lair:6   | Got a transparent robe
 45968 | Lair:6   | Identified the cursed +1 robe of Noon {Str+4 Int+3} (You
                  | found it on level 6 of the Lair of Beasts)
 46072 | Spider:1 | Entered Level 1 of the Spider Nest
 46287 | Spider:1 | Upgraded the game from 0.25-a0-528-g6b7c99946c to
                  | 0.25-a0-544-gee0576305d
 47844 | Spider:1 | Reached XP level 16. HP: 120/120 MP: 30/30
 49098 | Spider:1 | Noticed Frances
 49142 | Spider:1 | Killed Frances
 50481 | Spider:2 | Noticed Arachne
 50750 | Spider:2 | Killed Arachne
 50750 | Spider:2 | Reached skill level 10 in Fighting
 50750 | Spider:2 | Reached skill level 10 in Short Blades
 50750 | Spider:2 | Reached skill level 10 in Long Blades
 50750 | Spider:2 | Reached skill level 10 in Axes
 50750 | Spider:2 | Reached skill level 10 in Maces & Flails
 50750 | Spider:2 | Reached skill level 10 in Polearms
 50750 | Spider:2 | Reached skill level 10 in Staves
 50750 | Spider:2 | Reached skill level 10 in Slings
 50750 | Spider:2 | Reached skill level 10 in Bows
 50750 | Spider:2 | Reached skill level 10 in Crossbows
 50750 | Spider:2 | Reached skill level 10 in Throwing
 50750 | Spider:2 | Reached skill level 10 in Armour
 50750 | Spider:2 | Reached skill level 10 in Dodging
 50750 | Spider:2 | Reached skill level 10 in Shields
 50750 | Spider:2 | Reached skill level 10 in Unarmed Combat
 50750 | Spider:2 | Reached skill level 10 in Evocations
 51035 | Spider:2 | Learned a level 4 spell: Iskenderun's Mystic Blast
 51040 | Spider:2 | Learned a level 4 spell: Fulminant Prism
 53625 | D:15     | Entered Level 15 of the Dungeon
 53625 | D:15     | Found a sacrificial altar of Ru.
 53677 | D:15     | Found a gate leading to a gauntlet.
 53903 | D:15     | Found a portal to a secret trove of treasure.
 53913 | Gauntlet | Entered a Gauntlet
 53913 | Gauntlet | Found a transporter.
 53913 | Gauntlet | Found a transporter.
 53915 | Gauntlet | Found a transporter.
 53936 | Gauntlet | Found a transporter.
 53954 | Gauntlet | Found a transporter.
 53955 | Gauntlet | Found a transporter.
 53970 | Gauntlet | Found a transporter.
 53990 | Gauntlet | Found a transporter.
 53993 | Gauntlet | Found a transporter.
 53996 | Gauntlet | Found a transporter.
 54021 | Gauntlet | Found a runed translucent gate.
 54021 | Gauntlet | Found a runed translucent gate.
 54021 | Gauntlet | Found a runed translucent gate.
 54027 | Gauntlet | Found a transporter.
 54030 | Gauntlet | Found a transporter.
 54081 | Gauntlet | Noticed a quicksilver dragon
 54084 | Gauntlet | Noticed a shadow dragon
 54084 | Gauntlet | a quicksilver dragon changed into a shadow dragon
 54092 | Gauntlet | a shadow dragon changed into a fire giant
 54126 | Gauntlet | Noticed a quicksilver dragon
 54126 | Gauntlet | a frost giant changed into a quicksilver dragon
 54132 | Gauntlet | a quicksilver dragon changed into an alligator snapping
                  | turtle
 54133 | Gauntlet | Noticed a sphinx
 54133 | Gauntlet | an alligator snapping turtle changed into a sphinx
 54137 | Gauntlet | a sphinx changed into an alligator snapping turtle
 54267 | Gauntlet | Noticed an azure jelly
 54267 | Gauntlet | a catoblepas changed into an azure jelly
 54270 | Gauntlet | an azure jelly changed into an emperor scorpion
 54272 | Gauntlet | Got a translucent cloak
 54284 | Gauntlet | Identified the cursed +0 cloak "Agraiv" {-Tele +Inv rElec
                  | Str+3} (You found it in a Gauntlet)
 54539 | Gauntlet | Identified the +11 storm dragon scales "Unyfrul" {rElec rC+
                  | rN+}
 54539 | Gauntlet | Identified the amulet of the Empty Page {Regen+ Int+4}
 54584 | Gauntlet | Mangled by a minotaur

Levels and vault maps discovered:
D:1:      lightli_arrival_statuegarden, layout_basic
D:2:      layout_loops_ring
D:3:      layout_basic, grunt_decor_cap, uniq_natasha
D:4:      layout_basic, chequers_jeans
D:5:      layout_loops_ring, minmay_temple_entry_trees, serial_shops, shop,
          shop, kennysheep_little_box, shop, nicolae_shop_waterfront,
          first_ration
D:6:      layout_basic
D:7:      layout_basic, lemuel_flame_loot_1
D:8:      layout_cave_pools, overflow_temple_1_default,
          grunt_temple_overflow_open, dpeg_oklobed_lair,
          chequers_ossuary_entry_cave, serial_gnoll_camp,
          gnoll_camp_mini_loothouse, grums_kennel, gnoll_camp_mini_sergeant,
          gnoll_camp_mini_basic
D:9:      layout_basic, uniq_joseph
D:10:     layout_loops_ring
D:11:     layout_basic, orc_0_dummy, basic_altar
D:12:     layout_small_grid, serial_shops, shop
D:13:     layout_loops_ring, grunt_vaults_entry_tiered, basic_altar,
          serial_shops, bzr_in_the_mist, hangedman_stone_soup, uniq_snorg
D:14:     layout_basic, uniq_agnes, uniq_louise
D:15:     grunt_enter_depths_magical_seal, layout_cave_pools,
          gauntlet_entry_generic, enter_trove_2, basic_altar, hex_tiny,
          st_stairs_5, minmay_checkerbox, uniq_rupert
Temple:   compressed_dpeg_circular_temple
Lair:1:   layout_roguey, serial_bayou_shore_b, grunt_megastairs_5,
          serial_bayou_shore_b, lemuel_fruit_tree, uniq_grum
Lair:2:   layout_roguey, infiniplex_staircase_pool, uniq_harold, uniq_urug
Lair:3:   layout_roguey, skrybe_swamp_entry_bodies, ebering_ghost_rock_garden
Lair:4:   layout_regular_city, spider_nest_entry_funnel_web,
          gammafunk_ghost_hive
Lair:5:   layout_gridlike, grunt_megastairs_1, serial_bayou_shore_b
Lair:6:   hangedman_lair_tendril_chambers, layout_long_grid,
          guppyfry_lair_end_dragon, dpeg_slime_entry_corner
Spider:1: lemuel_spider_zombies, drop_trap, guppyfry_spider_mini_1, uniq_frances
Spider:2: layout_spider_delve, nicolae_spider_webs_and_nodes, worms_lemuel,
          uniq_arachne
Spider:3: layout_spider_delve, einodemon_crawler_minivault, uniq_aizul,
          uniq_donald
Orc:1:    cheibrodos_orc_bank, layout_caves
Orc:2:    grunt_orc_community_town_hall, layout_caves,
          grunt_orc_community_big_house_1, grunt_orc_community_big_house_1,
          grunt_orc_community_house_1, grunt_orc_community_house_2,
          grunt_orc_community_house_3, grunt_orc_community_house_2,
          grunt_orc_community_house_3
Gauntlet: minmay_gauntlet_mixed_big_or_small
          [gammafunk_gauntlet_arena_split_diamond,
          minmay_gauntlet_arena_77_checkered, nicolae_gauntlet_swirl,
          minmay_gauntlet_arena_77_run_for_it, gammafunk_gauntlet_arena_spirals,
          minmay_gauntlet_arena_77_two_paths, gauntlet_exit_watery]

Skill      XL: |  1  2  3  4  5  6  7  8  9 10 11 12 13 14 15 16 |
---------------+-------------------------------------------------+-----
Spellcasting   | 5 5 6 7 8 9 10 11 | 11.1
Invocations    | 1 2 3 5 4 6 7 8 9 10 11 | 11.0
Fighting       | 1 2 3 4 5 6 7 8 9 10 | 10.2
Short Blades   | 1 2 3 4 5 6 7 8 9 10 | 10.2
Long Blades    | 1 2 3 4 5 6 7 8 9 10 | 10.2
Axes           | 1 2 3 4 5 6 7 8 9 10 | 10.2
Maces & Flails | 1 2 3 4 5 6 7 8 9 10 | 10.2
Polearms       | 1 2 3 4 5 6 7 8 9 10 | 10.2
Staves         | 1 2 3 4 5 6 7 8 9 10 | 10.2
Slings         | 1 2 3 4 5 6 7 8 9 10 | 10.2
Bows           | 1 2 3 4 5 6 7 8 9 10 | 10.2
Crossbows      | 1 2 3 4 5 6 7 8 9 10 | 10.2
Throwing       | 1 2 3 4 5 6 7 8 9 10 | 10.2
Armour         | 1 2 3 4 5 6 7 8 9 10 | 10.2
Dodging        | 1 2 3 4 5 6 7 8 9 10 | 10.2
Shields        | 1 2 3 4 5 6 7 8 9 10 | 10.2
Unarmed Combat | 1 2 3 4 5 6 7 8 9 10 | 10.2
Evocations     | 1 2 3 4 5 6 7 8 9 10 | 10.2
Conjurations   | 1 2 4 5 6 7 8 |  8.6
Hexes          | 1 2 4 5 6 7 8 |  8.6
Charms         | 1 2 4 0 |  0.0
Summonings     | 1 2 4 5 6 7 8 |  8.6
Necromancy     | 1 2 4 0 |  0.0
Translocations | 1 2 4 5 6 7 8 |  8.6
Fire Magic     | 1 2 4 0 |  0.0
Ice Magic      | 1 2 4 5 6 7 8 |  8.6
Earth Magic    | 1 2 4 5 6 7 8 |  8.6
Poison Magic   | 1 2 4 5 6 7 8 |  8.6
Stealth        | 5 6 0 |  0.0
Transmutations | 5 6 7 8 9 |  9.9
Air Magic      | 5 6 7 8 9 |  9.9

Action                   |  1- 3 |  4- 6 |  7- 9 | 10-12 | 13-15 | 16-18 || total
-------------------------+-------+-------+-------+-------+-------+-------++-------
Melee: Dagger            |    49 |     3 |     2 |    70 |       |       ||   124
       Bite              |     5 |    10 |    86 |    98 |   309 |    83 ||   591
       Spear             |    75 |    51 |       |       |       |       ||   126
       Mace              |       |    72 |   134 |       |       |       ||   206
       Punch             |       |     1 |    12 |       |       |       ||    13
       Trident           |       |       |   519 |   706 |  1409 |       ||  2634
       Morningstar       |       |       |    62 |    79 |       |       ||   141
       War axe           |       |       |       |     4 |   920 |   450 ||  1374
       Eveningstar       |       |       |       |       |       |    94 ||    94
 Fire: Hunting sling     |    23 |    22 |    41 |    31 |    20 |    27 ||   164
Throw: Dart              |     6 |    69 |    96 |    70 |    57 |    65 ||   363
       Stone             |       |     2 |       |       |       |       ||     2
 Cast: Mephitic Cloud    |       |     1 |     7 |    26 |     5 |     6 ||    45
       Magic Dart        |       |       |     8 |     4 |       |     1 ||    13
       Blink             |       |       |     1 |       |       |       ||     1
       Conjure Flame     |       |       |     2 |       |       |       ||     2
       Portal Projectile |       |       |       |     2 |       |       ||     2
       Summon Lightning  |       |       |       |       |    29 |    50 ||    79
       Confusing Touch   |       |       |       |       |     1 |       ||     1
       Apportation       |       |       |       |       |       |     5 ||     5
       Fulminant Prism   |       |       |       |       |       |     5 ||     5
Invok: Sacrifice Experie |       |       |     1 |       |       |       ||     1
       Sacrifice Skill   |       |       |     1 |       |       |       ||     1
       Power Leap        |       |       |     1 |     2 |     6 |       ||     9
       Sacrifice Words   |       |       |     1 |       |       |       ||     1
       Sacrifice Arcana  |       |       |       |     1 |       |       ||     1
       Sacrifice Stealth |       |       |       |     1 |       |       ||     1
       Apocalypse        |       |       |       |     2 |     4 |     2 ||     8
       Draw Out Power    |       |       |       |       |     1 |     1 ||     2
Evoke: Wand              |       |       |     5 |     2 |    20 |     2 ||    29
  Use: Scroll            |       |     4 |    11 |     6 |    11 |     5 ||    37
       Potion            |       |     1 |     4 |     1 |     9 |       ||    15
 Stab: Sleeping          |     6 |     4 |    26 |     5 |       |       ||    41
       Confused          |       |     2 |     2 |     9 |       |       ||    13
       Distracted        |       |       |     2 |     6 |    16 |    12 ||    36
       Invisible         |       |       |     2 |    11 |    19 |     8 ||    40
       Paralysed         |       |       |     1 |    28 |    29 |    13 ||    71
       Held in net/web   |       |       |       |       |     2 |       ||     2
  Eat: Chunk             |     4 |    11 |    17 |    23 |    46 |    16 ||   117
       Ration            |       |     1 |     4 |     4 |     8 |     3 ||    20
Armor: Robe              |    27 |       |       |       |       |       ||    27
       Ring mail         |       |    48 |    54 |       |       |       ||   102
       Skin              |       |    10 |       |       |       |       ||    10
       Leather armour    |       |       |   187 |    85 |   134 |       ||   406
       Scale mail        |       |       |       |    65 |   527 |   309 ||   901
Dodge: Dodged            |    62 |    91 |   431 |   327 |   883 |   420 ||  2214
Block: Buckler           |       |       |       |    94 |       |       ||    94
       Kite shield       |       |       |       |   124 |  1003 |   417 ||  1544

Table legend:
 A = Non-vault XP
 B = Vault XP
 C = Vault XP percentage of total XP
 D = Non-vault monster count
 E = Vault monster count
 F = Vault count percentage of total count
                 A         B        C        D         E       F
            +---------+---------+-------+---------+---------+-------
      Total |  117303 |   64659 |  35.5 |     711 |     314 |  30.6
            +---------+---------+-------+---------+---------+-------
        D:1 |      38 |       0 |   0.0 |      22 |       0 |   0.0
        D:2 |      69 |       0 |   0.0 |      27 |       0 |   0.0
        D:3 |     187 |      35 |  15.8 |      22 |       1 |   4.3
        D:4 |     310 |       0 |   0.0 |      20 |       0 |   0.0
        D:5 |     660 |       0 |   0.0 |      16 |       0 |   0.0
        D:6 |     701 |       0 |   0.0 |      15 |       0 |   0.0
        D:7 |    1232 |       0 |   0.0 |      21 |       0 |   0.0
        D:8 |    1494 |    1402 |  48.4 |      30 |      20 |  40.0
        D:9 |    3568 |     406 |  10.2 |      36 |       1 |   2.7
       D:10 |    6455 |       0 |   0.0 |      56 |       0 |   0.0
       D:11 |    7530 |       0 |   0.0 |      51 |       0 |   0.0
       D:12 |    4879 |     987 |  16.8 |      45 |       3 |   6.2
       D:13 |    5937 |    8103 |  57.7 |      24 |      28 |  53.8
       D:14 |    4732 |    1874 |  28.4 |      21 |       3 |  12.5
       D:15 |     685 |     330 |  32.5 |       1 |       1 |  50.0
     Lair:1 |    4175 |       0 |   0.0 |      18 |       0 |   0.0
     Lair:2 |    2480 |    1864 |  42.9 |       8 |       2 |  20.0
     Lair:3 |    6555 |     589 |   8.2 |      22 |       2 |   8.3
     Lair:4 |    5114 |    1514 |  22.8 |      14 |       6 |  30.0
     Lair:5 |    7803 |    4187 |  34.9 |      31 |      17 |  35.4
     Lair:6 |    5950 |    8475 |  58.8 |      19 |      38 |  66.7
   Spider:1 |   23290 |   14445 |  38.3 |      89 |      40 |  31.0
   Spider:2 |   16812 |    5187 |  23.6 |      53 |       8 |  13.1
   Spider:3 |    1166 |       0 |   0.0 |       4 |       0 |   0.0
      Orc:1 |    4566 |    2250 |  33.0 |      30 |      28 |  48.3
      Orc:2 |     915 |   10550 |  92.0 |      16 |      64 |  80.0
    Ossuary |       0 |     223 | 100.0 |       0 |      49 | 100.0
   Gauntlet |       0 |    2238 | 100.0 |       0 |       3 | 100.0
            +---------+---------+-------+---------+---------+-------
